| TOP OF THE 1ST |
|
Auburn Doubledays batting - Pitching for Batavia Muckdogs : RHP Carlos Guerrero
|
|
Pitching: RHP Carlos Guerrero
|
|
|
Batting: LHB Vince McLane
|
0-0: Called Strike 0-1: Ball 1-1: DOUBLE (Flyball, 7LD, EV 100.6 MPH)
|
|
Batting: LHB Adam Lancaster
|
0-0: Called Strike 0-1: Swinging Strike 0-2: Ball 1-2: Ball 2-2: Foul Ball, location: 2F 2-2: Foul Ball, location: 2F 2-2: Strikes out swinging, 2-3 out at first.
|
|
Batting: RHB Tylor Cyr
|
0-0: Ball 1-0: Ball 2-0: Ball 3-0: Called Strike 3-1: Fly out, F7 (Line Drive, 7S, EV 89.4 MPH)
|
|
Batting: RHB Steve Bauman
|
0-0: Ball 1-0: Fly out, F9 (Line Drive, 9LM, EV 106.9 MPH)
|
| Top of the 1st over - 0 runs, 1 hit, 0 errors, 1 left on base; Auburn 0 - Batavia 0 |
| BOTTOM OF THE 1ST |
|
Batavia Muckdogs batting - Pitching for Auburn Doubledays : RHP Josh Wellman
|
|
Pitching: RHP Josh Wellman
|
|
|
Batting: SHB Justin Corbett
|
0-0: Called Strike 0-1: Ball 1-1: Ball 2-1: Called Strike 2-2: Strikes out swinging
|
|
Batting: LHB Danny Treto
|
0-0: Called Strike 0-1: Ball 1-1: Called Strike 1-2: Fly out, F8 (Flyball, 8LM, EV 86.2 MPH)
|
|
Batting: RHB Reomel Somera
|
0-0: Called Strike 0-1: Foul Ball, location: 2F 0-2: Strikes out looking
|
| Bottom of the 1st over - 0 runs, 0 hits, 0 errors, 0 left on base; Auburn 0 - Batavia 0 |
| TOP OF THE 2ND |
|
Auburn Doubledays batting - Pitching for Batavia Muckdogs : RHP Carlos Guerrero
|
|
Batting: LHB Elias Posada
|
0-0: Foul Ball, location: 2F 0-1: Ball 1-1: Ground out 6-3 (Groundball, 6D, EV 90.6 MPH)
|
|
Batting: LHB Yasuo Igarashi
|
0-0: Swinging Strike 0-1: Ball 1-1: Ball 2-1: Ball 3-1: Called Strike 3-2: Foul Ball, location: 2F 3-2: Strikes out swinging
|
|
Batting: RHB Scott Skoglund
|
0-0: Called Strike 0-1: Ball 1-1: SINGLE (Groundball, 56D, EV 101.2 MPH)
|
|
Batting: LHB Adam Jacobs
|
0-0: Ball 1-0: Ground out 4-3 (Groundball, 4, EV 98.8 MPH)
|
| Top of the 2nd over - 0 runs, 1 hit, 0 errors, 1 left on base; Auburn 0 - Batavia 0 |
| BOTTOM OF THE 2ND |
|
Batavia Muckdogs batting - Pitching for Auburn Doubledays : RHP Josh Wellman
|
|
Batting: RHB Justin Dunham
|
0-0: Called Strike 0-1: Called Strike 0-2: Ball 1-2: Ball 2-2: Strikes out looking
|
|
Batting: RHB George Boivin
|
0-0: Ball 1-0: Ball 2-0: Ball 3-0: Called Strike 3-1: SINGLE (Line Drive, 56D, EV 99.4 MPH)
|
|
Batting: RHB Andy Kelly
|
0-0: Called Strike 0-1: Foul Ball, location: 2F 0-2: Ball 1-2: Strikes out swinging
|
|
Batting: RHB Jim Fisher
|
0-0: Ball 1-0: Foul Ball, location: 2F 1-1: Ball 2-1: Fly out, F7 (Line Drive, 7LM, EV 86.9 MPH)
|
| Bottom of the 2nd over - 0 runs, 1 hit, 0 errors, 1 left on base; Auburn 0 - Batavia 0 |
| TOP OF THE 3RD |
|
Auburn Doubledays batting - Pitching for Batavia Muckdogs : RHP Carlos Guerrero
|
|
Batting: RHB Jessie Fisher
|
0-0: Ball 1-0: Called Strike 1-1: Ball 2-1: Ball 3-1: Foul Ball, location: 2F 3-2: Fly out, F8 (Flyball, 8LM, EV 90.0 MPH)
|
|
Batting: LHB Vince McLane
|
0-0: Ball 1-0: SINGLE (Groundball, 34D, EV 105.0 MPH)
|
|
Batting: LHB Adam Lancaster
|
0-0: Ball 1-0: Called Strike Vince McLane is caught stealing 2nd base 2-6 1-1: Ground out 4-3 (Groundball, 4, EV 81.2 MPH)
|
| Top of the 3rd over - 0 runs, 1 hit, 0 errors, 0 left on base; Auburn 0 - Batavia 0 |
| BOTTOM OF THE 3RD |
|
Batavia Muckdogs batting - Pitching for Auburn Doubledays : RHP Josh Wellman
|
|
Batting: RHB Hiromitsu Yamada
|
0-0: Called Strike 0-1: Ball 1-1: Ball 2-1: Ground out 6-3 (Groundball, 6, EV 81.2 MPH)
|
|
Batting: RHB Jason Thrash
|
0-0: Swinging Strike 0-1: Ball 1-1: Ball 2-1: Ball 3-1: Foul Ball, location: 2F 3-2: Foul Ball, location: 2F 3-2: Base on Balls
|
|
Batting: SHB Justin Corbett
|
0-0: Foul Ball, location: 2F 0-1: Ball 1-1: Ball 2-1: Fielders Choice at 2nd, 5-4 (Groundball, 56, EV 88.8 MPH)
|
|
Batting: LHB Danny Treto
|
0-0: Fielders Choice at 2nd, 5-4 (Groundball, 5, EV 86.9 MPH)
|
| Bottom of the 3rd over - 0 runs, 0 hits, 0 errors, 1 left on base; Auburn 0 - Batavia 0 |
| TOP OF THE 4TH |
|
Auburn Doubledays batting - Pitching for Batavia Muckdogs : RHP Carlos Guerrero
|
|
Batting: RHB Tylor Cyr
|
0-0: Swinging Strike 0-1: DOUBLE (Line Drive, 5D, EV 101.9 MPH)
|
|
Batting: RHB Steve Bauman
|
0-0: Ball 1-0: Called Strike 1-1: Swinging Strike 1-2: Strikes out looking
|
|
Batting: LHB Elias Posada
|
0-0: Ball 1-0: Ball 2-0: Ball 3-0: Base on Balls
|
|
Batting: LHB Yasuo Igarashi
|
0-0: Foul Ball, location: 2F 0-1: Fielders Choice at 2nd, 4-6 (Groundball, 34, EV 81.2 MPH) Tylor Cyr to third
|
|
Batting: RHB Scott Skoglund
|
0-0: Called Strike Yasuo Igarashi steals 2nd base 0-1: Ball 1-1: Ball 2-1: Foul Ball, location: 2F 2-2: Foul Ball, location: 2F 2-2: SINGLE (Line Drive, 56D, EV 98.8 MPH) Tylor Cyr scores Yasuo Igarashi to third Runner from 3rd tries for Home, SAFE, throw by LF to home
|
|
Batting: LHB Adam Jacobs
|
0-0: Foul Ball, location: 2F 0-1: Ball 1-1: Foul Ball, location: 2F 1-2: 2-RUN HOME RUN (Flyball, 9D, EV 93.1 MPH), Distance : 365 ft
|
|
Batting: RHB Jessie Fisher
|
0-0: Called Strike 0-1: Foul Ball, location: 2F 0-2: Ball 1-2: SINGLE (Groundball, 6MS, EV 65.6 MPH) (infield hit)
|
|
Batting: LHB Vince McLane
|
0-0: Ball 1-0: SINGLE (Line Drive, 56, EV 106.9 MPH) Jessie Fisher to second
|
|
Batting: LHB Adam Lancaster
|
0-0: Called Strike 0-1: Ball 1-1: Called Strike 1-2: Ball 2-2: Foul Ball, location: 2F 2-2: Foul Ball, location: 2F 2-2: Ball 3-2: Foul Ball, location: 2F 3-2: Reached on error, E5 (Groundball, 56, EV 106.2 MPH) Jessie Fisher scores Vince McLane to third
|
|
Pitching: LHP Brian Worthy
|
|
|
Batting: RHB Tylor Cyr
|
0-0: Ball 1-0: Ball 2-0: Ball 3-0: Called Strike 3-1: Called Strike 3-2: Fly out, F9 (Line Drive, 9, EV 100.6 MPH)
|
| Top of the 4th over - 5 runs, 5 hits, 1 error, 2 left on base; Auburn 5 - Batavia 0 |
| BOTTOM OF THE 4TH |
|
Batavia Muckdogs batting - Pitching for Auburn Doubledays : RHP Josh Wellman
|
|
Now in LF: Travis Stanley
|
|
|
Batting: RHB Reomel Somera
|
0-0: Fly out, F9 (Line Drive, 9S, EV 103.8 MPH)
|
|
Batting: RHB Justin Dunham
|
0-0: Ball 1-0: Ball 2-0: Called Strike 2-1: Ground out 6-3 (Groundball, 6, EV 85.6 MPH)
|
|
Batting: RHB George Boivin
|
0-0: Ball 1-0: Ball 2-0: Ball 3-0: Called Strike 3-1: SINGLE (Groundball, 6MD, EV 96.2 MPH)
|
|
Batting: RHB Andy Kelly
|
0-0: Called Strike 0-1: Ball 1-1: Ball 2-1: Swinging Strike 2-2: Strikes out swinging
|
| Bottom of the 4th over - 0 runs, 1 hit, 0 errors, 1 left on base; Auburn 5 - Batavia 0 |
| TOP OF THE 5TH |
|
Auburn Doubledays batting - Pitching for Batavia Muckdogs : LHP Brian Worthy
|
|
Batting: RHB Steve Bauman
|
0-0: Called Strike 0-1: Foul Ball, location: 2F 0-2: Ball 1-2: Strikes out swinging
|
|
Batting: RHB Travis Stanley
|
0-0: Ball 1-0: Foul Ball, location: 2F 1-1: Foul Ball, location: 2F 1-2: Foul Ball, location: 2F 1-2: Strikes out swinging
|
|
Batting: LHB Yasuo Igarashi
|
0-0: Ball 1-0: Ball 2-0: Foul Ball, location: 2F 2-1: Ground out 1-3 (Groundball, 34S, EV 69.4 MPH)
|
| Top of the 5th over - 0 runs, 0 hits, 0 errors, 0 left on base; Auburn 5 - Batavia 0 |
| BOTTOM OF THE 5TH |
|
Batavia Muckdogs batting - Pitching for Auburn Doubledays : RHP Josh Wellman
|
|
Batting: RHB Jim Fisher
|
0-0: Foul Ball, location: 2F 0-1: Ball 1-1: Called Strike 1-2: Strikes out looking
|
|
Batting: RHB Hiromitsu Yamada
|
0-0: Swinging Strike 0-1: Ball 1-1: Swinging Strike 1-2: SINGLE (Groundball, 6D, EV 98.8 MPH)
|
|
Batting: RHB Jason Thrash
|
0-0: Ball Hiromitsu Yamada is caught stealing 2nd base 2-4 1-0: Ball 2-0: Fly out, F3 (Popup, 3F, EV 59.4 MPH)
|
| Bottom of the 5th over - 0 runs, 1 hit, 0 errors, 0 left on base; Auburn 5 - Batavia 0 |
| TOP OF THE 6TH |
|
Auburn Doubledays batting - Pitching for Batavia Muckdogs : LHP Brian Worthy
|
|
Batting: RHB Scott Skoglund
|
0-0: Foul Ball, location: 2F 0-1: Foul Ball, location: 2F 0-2: Ball 1-2: Strikes out swinging
|
|
Batting: LHB Adam Jacobs
|
0-0: Called Strike 0-1: Ground out 6-3 (Groundball, 6, EV 105.6 MPH)
|
|
Batting: RHB Jessie Fisher
|
0-0: Called Strike 0-1: Ball 1-1: Ball 2-1: Ball 3-1: Foul Ball, location: 2F 3-2: Base on Balls
|
|
Batting: LHB Vince McLane
|
0-0: Called Strike 0-1: Ball 1-1: Ball 2-1: Foul Ball, location: 2F 2-2: Foul Ball, location: 2F 2-2: Ball 3-2: Strikes out looking
|
| Top of the 6th over - 0 runs, 0 hits, 0 errors, 1 left on base; Auburn 5 - Batavia 0 |
| BOTTOM OF THE 6TH |
|
Batavia Muckdogs batting - Pitching for Auburn Doubledays : RHP Josh Wellman
|
|
Batting: SHB Justin Corbett
|
0-0: Ball 1-0: Foul Ball, location: 2F 1-1: Ground out 4-3 (Groundball, 34, EV 86.9 MPH)
|
|
Batting: LHB Danny Treto
|
0-0: Swinging Strike 0-1: Ball 1-1: Ball 2-1: Foul Ball, location: 2F 2-2: Strikes out looking
|
|
Batting: RHB Reomel Somera
|
0-0: Ball 1-0: Called Strike 1-1: Fly out, F8 (Flyball, 8RM, EV 94.4 MPH)
|
| Bottom of the 6th over - 0 runs, 0 hits, 0 errors, 0 left on base; Auburn 5 - Batavia 0 |
| TOP OF THE 7TH |
|
Auburn Doubledays batting - Pitching for Batavia Muckdogs : LHP Brian Worthy
|
|
Batting: LHB Adam Lancaster
|
0-0: Called Strike 0-1: Ball 1-1: Reached on error, E4 (Groundball, 4, EV 90.0 MPH)
|
|
Batting: RHB Tylor Cyr
|
0-0: Swinging Strike 0-1: Ball 1-1: Grounds into double play, 6-4-3 (Groundball, 56, EV 106.9 MPH)
|
|
Batting: RHB Steve Bauman
|
0-0: Called Strike 0-1: Ball 1-1: Called Strike 1-2: Strikes out swinging
|
| Top of the 7th over - 0 runs, 0 hits, 1 error, 0 left on base; Auburn 5 - Batavia 0 |
| BOTTOM OF THE 7TH |
|
Batavia Muckdogs batting - Pitching for Auburn Doubledays : RHP Josh Wellman
|
|
Pitching: RHP Tim Schultz
|
|
|
Batting: RHB Justin Dunham
|
0-0: Swinging Strike 0-1: Ball 1-1: Swinging Strike 1-2: Fly out, F8 (Flyball, 8LD, EV 89.4 MPH)
|
|
Batting: RHB George Boivin
|
0-0: Fly out, F4 (Popup, 34, EV 65.0 MPH)
|
|
Batting: RHB Andy Kelly
|
0-0: SOLO HOME RUN (Flyball, 8LXD, EV 111.2 MPH), Distance : 446 ft
|
|
Batting: RHB Jim Fisher
|
0-0: Ball 1-0: Ball 2-0: Ground out U3 (Groundball, 3S, EV 71.2 MPH)
|
| Bottom of the 7th over - 1 run, 1 hit, 0 errors, 0 left on base; Auburn 5 - Batavia 1 |
| TOP OF THE 8TH |
|
Auburn Doubledays batting - Pitching for Batavia Muckdogs : LHP Brian Worthy
|
|
Batting: RHB Travis Stanley
|
0-0: Called Strike 0-1: Ball 1-1: Foul Ball, location: 2F 1-2: Ground out 4-3 (Groundball, 4M, EV 91.2 MPH)
|
|
Batting: LHB Yasuo Igarashi
|
0-0: Fly out, F8 (Line Drive, 89M, EV 100.0 MPH)
|
|
Batting: RHB Scott Skoglund
|
0-0: Called Strike 0-1: Foul Ball, location: 2F 0-2: Ball 1-2: Ball 2-2: Ball 3-2: Base on Balls
|
|
Pitching: RHP Tim Sherrill
|
|
|
Batting: LHB Adam Jacobs
|
0-0: Called Strike 0-1: Called Strike 0-2: Strikes out swinging
|
| Top of the 8th over - 0 runs, 0 hits, 0 errors, 1 left on base; Auburn 5 - Batavia 1 |
| BOTTOM OF THE 8TH |
|
Batavia Muckdogs batting - Pitching for Auburn Doubledays : RHP Tim Schultz
|
|
Batting: RHB Hiromitsu Yamada
|
0-0: Ball 1-0: Ball 2-0: Ball 3-0: Called Strike 3-1: Base on Balls
|
|
Batting: RHB Jason Thrash
|
0-0: Ball 1-0: Called Strike 1-1: Ball 2-1: Called Strike 2-2: Foul Ball, location: 2F 2-2: Ball 3-2: SINGLE (Groundball, 3D, EV 97.5 MPH) Hiromitsu Yamada to second Runner from 2nd tries for 3rd, SAFE, throw by RF made to third
|
|
Batting: SHB Justin Corbett
|
0-0: Fly out, F9 (Flyball, 9D, EV 98.8 MPH) Runner from 3rd tags up, SCORES, no throw by RF
|
|
Batting: LHB Danny Treto
|
0-0: Called Strike 0-1: Ball 1-1: Fly out, F7 (Flyball, 7, EV 90.6 MPH)
|
|
Batting: RHB Reomel Somera
|
0-0: Called Strike 0-1: Foul Ball, location: 2F 0-2: Ball 1-2: Ground out 4-3 (Groundball, 4, EV 86.9 MPH)
|
| Bottom of the 8th over - 1 run, 1 hit, 0 errors, 1 left on base; Auburn 5 - Batavia 2 |
| TOP OF THE 9TH |
|
Auburn Doubledays batting - Pitching for Batavia Muckdogs : RHP Tim Sherrill
|
|
Batting: RHB Jessie Fisher
|
0-0: Ball 1-0: Ball 2-0: Ground out 3-1 (Groundball, 34S, EV 91.9 MPH)
|
|
Batting: LHB Vince McLane
|
0-0: Ball 1-0: Foul Ball, location: 2F 1-1: Ball 2-1: Ball 3-1: Ground out U3 (Groundball, 3S, EV 88.1 MPH)
|
|
Batting: LHB Adam Lancaster
|
0-0: Called Strike 0-1: Foul Ball, location: 2F 0-2: Hit by Pitch
|
|
Batting: RHB Tylor Cyr
|
0-0: Ball 1-0: Called Strike 1-1: Swinging Strike 1-2: Strikes out looking
|
| Top of the 9th over - 0 runs, 0 hits, 0 errors, 1 left on base; Auburn 5 - Batavia 2 |
| BOTTOM OF THE 9TH |
|
Batavia Muckdogs batting - Pitching for Auburn Doubledays : RHP Tim Schultz
|
|
Pitching: RHP Chris Lawrence
|
|
|
Batting: RHB Justin Dunham
|
0-0: Ball 1-0: Called Strike 1-1: Ball 2-1: Foul Ball, location: 2F 2-2: Strikes out swinging
|
|
Batting: RHB George Boivin
|
0-0: Foul Ball, location: 2F 0-1: Called Strike 0-2: Strikes out looking
|
|
Batting: RHB Andy Kelly
|
0-0: Foul Ball, location: 2F 0-1: Foul Ball, location: 2F 0-2: Strikes out looking
|
| Bottom of the 9th over - 0 runs, 0 hits, 0 errors, 0 left on base; Auburn 5 - Batavia 2 |
|